General information
	        
			
        
        - name: Skycity
 
        - type: Custom game
 
        - host: Iceberg-Slim
 
        - saver: TIMG4STRok
 
        
map: SecretValley 
        - players: 6
 
        - length: 48:48
 
        - speed: Fast
 - version: 1.22 W3XP
 - replay type:  

 
» download(192 KB)
Players
        team 1 (loser) 
              
              
BRAUMS (
pink | 112 APM | 5436 actions | 48:43)
              
 7 Blademaster 
 2 Wind Walk
 3 Critical Strike
 2 Bladestorm
 5 Firelord 
 3 Soul Burn
 2 Summon Lava Spawn
 
                » actions 
                
                | Assign group hotkey | 49 |  | 
| Basic commands | 277 |  | 
| Build / train | 72 |  | 
| ESC pressed | 2 |  | 
| Enter build submenu | 27 |  | 
| Enter hero's abilities submenu | 11 |  | 
| Give item / drop item | 1 |  | 
| Right click | 2722 |  | 
| Select / deselect | 1351 |  | 
| Select group hotkey | 671 |  | 
| Use ability | 253 |  | 
                5436 total
 » units 
                
                | Peon | 8 |  | 
| Grunt | 6 |  | 
| Raider | 1 |  | 
| Spirit Walker | 3 |  | 
| Wind Rider | 13 |  | 
| Demolisher | 3 |  | 
                34 total
 » upgrades
                
                | Ensnare | 1 |  | 
| Spirit Walker Training | 1 |  | 
| Berserker Strength | 1 |  | 
                3 total
 » buildings
                
                | Altar of Storms | 1 |  | 
| Orc Burrow | 7 |  | 
| Barracks | 2 |  | 
| Voodoo Lounge | 2 |  | 
| Stronghold | 1 |  | 
| Beastiary | 2 |  | 
| Spirit Lodge | 1 |  | 
| War Mill | 1 |  | 
| Watch Tower | 2 |  | 
                19 total
 » build order
                00:03 Altar of Storms
00:05 Orc Burrow
00:37 Barracks
01:29 Orc Burrow
01:52 Voodoo Lounge
03:17 Stronghold
04:03 Orc Burrow
05:45 Beastiary
06:07 Orc Burrow
06:43 Spirit Lodge
07:46 War Mill
10:45 Watch Tower
12:19 Watch Tower
14:09 Beastiary
14:48 Voodoo Lounge
15:17 Orc Burrow
15:20 Orc Burrow
20:17 Orc Burrow
21:08 Barracks
» items
                
                | Healing Salve | 11 |  | 
| Lesser Clarity Potion | 6 |  | 
| Scroll of Town Portal | 2 |  | 
| Potion of Healing | 1 |  | 
                20 total
  
               team 2 (winner) 
              
              
greedoFthenoob (
red | 82 APM | 3982 actions | 48:43)
              
 5 Archmage 
 3 Summon Water Elemental
 2 Brilliance Aura
 5 Mountain King 
 3 Storm Bolt
 2 Bash
 
                » actions 
                
                | Assign group hotkey | 48 |  | 
| Basic commands | 90 |  | 
| Build / train | 120 |  | 
| ESC pressed | 3 |  | 
| Enter build submenu | 48 |  | 
| Enter hero's abilities submenu | 11 |  | 
| Give item / drop item | 14 |  | 
| Right click | 2043 |  | 
| Select / deselect | 1197 |  | 
| Select group hotkey | 206 |  | 
| Use ability | 202 |  | 
                3982 total
 » units 
                
                | Peasant | 35 |  | 
| Footman | 5 |  | 
| Rifleman | 10 |  | 
| Sorceress | 5 |  | 
| Flying Machine | 2 |  | 
| Mortar Team | 3 |  | 
| Priest | 3 |  | 
                63 total
 » upgrades
                
                | Long Rifles | 2 |  | 
| Masonry | 2 |  | 
| Sorceress Training | 1 |  | 
| Magic Sentry | 1 |  | 
                6 total
 » buildings
                
                | Altar of Kings | 1 |  | 
| Barracks | 2 |  | 
| Farm | 7 |  | 
| Scout Tower | 24 |  | 
| Arcane Tower | 3 |  | 
| Keep | 5 |  | 
| Blacksmith | 1 |  | 
| Arcane Vault | 1 |  | 
| Arcane Sanctum | 2 |  | 
| Workshop | 2 |  | 
| Lumber Mill | 1 |  | 
| Guard Tower | 15 |  | 
| Cannon Tower | 1 |  | 
| Town Hall | 1 |  | 
                66 total
 » build order
                00:06 Altar of Kings
00:18 Barracks
00:33 Farm
01:04 Farm
01:43 Scout Tower
01:50 Farm
02:17 Arcane Tower
03:19 Keep
03:39 Farm
04:07 Blacksmith
04:33 Arcane Vault
04:51 Farm
05:07 Farm
05:49 Arcane Sanctum
06:52 Workshop
07:42 Lumber Mill
09:36 Farm
11:36 Guard Tower
11:38 Guard Tower
11:46 Scout Tower
11:52 Scout Tower
11:59 Scout Tower
12:26 Scout Tower
12:29 Scout Tower
12:46 Guard Tower
15:07 Scout Tower
16:05 Arcane Tower
16:15 Scout Tower
16:16 Scout Tower
16:43 Guard Tower
16:45 Scout Tower
16:46 Guard Tower
17:07 Scout Tower
17:22 Guard Tower
17:58 Guard Tower
19:01 Scout Tower
19:03 Scout Tower
19:09 Guard Tower
19:11 Scout Tower
20:09 Guard Tower
20:35 Guard Tower
21:04 Scout Tower
21:13 Guard Tower
21:15 Scout Tower
21:18 Scout Tower
21:19 Scout Tower
21:33 Guard Tower
21:43 Scout Tower
21:45 Scout Tower
22:03 Guard Tower
22:33 Guard Tower
23:05 Cannon Tower
38:35 Town Hall
44:06 Barracks
45:23 Keep
45:23 Keep
45:24 Keep
45:24 Keep
45:33 Scout Tower
45:35 Scout Tower
46:25 Scout Tower
46:26 Scout Tower
46:52 Arcane Tower
46:56 Guard Tower
47:55 Arcane Sanctum
48:23 Workshop
» items
                
                | Dust of Appearance | 2 |  | 
| Boots of Speed | 3 |  | 
| Potion of Healing | 2 |  | 
| Scroll of Regeneration | 2 |  | 
| Ivory Tower | 2 |  | 
| Scroll of Healing | 1 |  | 
| Potion of Lesser Invulnerability | 1 |  | 
| Scroll of Town Portal | 1 |  | 
                14 total
  
               observersIceberg-Slim, 
bLinn, 
TIMG4STRok, 
jerund Chat log
          (00:00) greedoFthenoob: st word
(00:07 / Observers) jerund: are we gayfagging on vent
(00:11 / All) greedoFthenoob: ive never played this map btw
(00:15 / All) BRAUMS: neither have i
(00:18 / Observers) bLinn: they both on vent so
(00:21 / All) greedoFthenoob: thumbs it down
(00:23 / Observers) TIMG4STRok: talking shit about lucifron
(00:26 / All) BRAUMS: turk
(00:30 / All) BRAUMS: how hard u wanna get pwned!?
(00:36 / All) greedoFthenoob: gimme 85%
(00:43 / All) BRAUMS: u cant handle me
(00:46 / All) BRAUMS: Ramiro, The Champ.
(01:08 / Observers) jerund: hey turk don't get that dude on the horse this time
(01:16 / Observers) jerund: snap allchat don't work
(01:19 / Observers) jerund: i am destroyed
(01:24 / All) greedoFthenoob: SHUT UP PROS TRYING TO PLAY
(01:41 / All) BRAUMS: wut
(01:44 / All) BRAUMS: turk bout to get owned?
(01:44 / All) BRAUMS: huh
(01:46 / Observers) TIMG4STRok: orkmage
(01:53 / All) BRAUMS: sweet scout
(02:01 / All) greedoFthenoob: sell tp is badmanner btw
(02:12 / Observers) TIMG4STRok: is he
(02:14 / Observers) TIMG4STRok: going to creep
(02:15 / Observers) TIMG4STRok: orange camp
(02:16 / Observers) TIMG4STRok: with that
(02:17 / Observers) jerund: first blood
(02:22 / Observers) TIMG4STRok: nope turns around
(02:30 / All) greedoFthenoob: unpause when ready
(03:01 / Observers) TIMG4STRok: hes gonna get jacked
(03:02 / Observers) TIMG4STRok: sor hard
(03:07 / Observers) jerund: what's channel pw on vent
(03:12 / Observers) TIMG4STRok: SECRET
(03:16 / Observers) bLinn: jerundsucksdick
(03:21 / Observers) jerund: k, lemme try both of those
(03:22 / Observers) jerund: tabbing
(03:47 / Observers) jerund: negative
(04:01 / Observers) jerund: SECRET and jerundsucksdick are not correct
(04:25 / All) greedoFthenoob: gg
(04:53 / Observers) TIMG4STRok: cant creep that
(08:11 / All) greedoFthenoob: eek
(11:29 / Observers) TIMG4STRok: some 'litia
(11:36 / Observers) bLinn: can he see that
(11:37 / Observers) TIMG4STRok: militia milady
(11:38 / Observers) bLinn: he will now i guess
(12:49 / Observers) TIMG4STRok: idiot
(12:53 / Observers) TIMG4STRok: is blowing it
(13:56 / Observers) TIMG4STRok: hes got a guy
(13:57 / Observers) TIMG4STRok: on lumber
(18:14 / All) BRAUMS: manner
(20:01 / Observers) TIMG4STRok: your cannon dwarf takes one last shot
(20:06 / Observers) bLinn: where'd she go?
(20:06 / Observers) TIMG4STRok: where'd she go she was in that spot
(20:08 / Observers) bLinn: she was in that spot
(20:13 / Observers) TIMG4STRok: moogul the sly appears without warning
(20:14 / Observers) bLinn: moogul the sly appears without warning
(20:18 / Observers) bLinn: your nacos won't live to see the morning
(20:21 / Observers) bLinn: come closer if you dare...
(20:24 / Observers) bLinn: into the towers & ensnare... come on
(20:50 / Observers) jerund: why isn't turk just making units and overrunning him
(20:54 / Observers) jerund: is he just fucking around
(20:56 / Observers) TIMG4STRok: no
(21:00 / Observers) TIMG4STRok: turk is trying as hard as he can
(21:03 / Observers) TIMG4STRok: is the sad part
(21:18 / Observers) TIMG4STRok: i don't know
(21:24 / Observers) TIMG4STRok: which is sadder
(21:27 / Observers) TIMG4STRok: this is turk's best
(21:30 / Observers) TIMG4STRok: or that talons is losing to it
(24:03 / Observers) bLinn: ~noice~
(24:48 / Observers) TIMG4STRok: damn
(24:52 / Observers) TIMG4STRok: what a useful tower he just lost
(25:27 / Observers) jerund: is it just me or is turk losing
(25:38 / Observers) TIMG4STRok: the only one losing here
(25:39 / Observers) TIMG4STRok: is us
(25:41 / Observers) TIMG4STRok: for watching this
(26:25 / Observers) jerund: lol
(26:37 / Observers) TIMG4STRok: turk gonna creep a spo
(26:47 / Observers) jerund: why isn't turk telling his guys to mine antoher spot
(26:47 / Observers) TIMG4STRok: loses
(26:48 / Observers) TIMG4STRok: the
(26:49 / Observers) TIMG4STRok: priest
(26:55 / Observers) bLinn: ofc he does
(26:57 / Observers) TIMG4STRok: hes doing that now
(27:55 / Observers) jerund: why isn't he putting all his guys on gold
(28:01 / Observers) jerund: wtf he need wood for, lol
(28:05 / Observers) bLinn: needs 1200 lumber.
(28:08 / Observers) bLinn: needs MOREE
(31:12 / All) greedoFthenoob: ;l,apo
(31:43 / Observers) jerund: i feel really bad for turk
(33:31 / All) BRAUMS: hey who wants to 1v1
(33:35 / All) BRAUMS: u guys in the vent channel
(34:31 / Observers) TIMG4STRok: turk
(34:34 / Observers) TIMG4STRok: can long distance and win
(34:39 / Observers) TIMG4STRok: he can storm bolt the blade to hell
(34:41 / Observers) TIMG4STRok: ahahahaha
(34:47 / Observers) TIMG4STRok: im really pulling for turk tbh
(34:49 / Observers) bLinn: that's like his last workers 
(34:49 / Observers) bLinn: last few
(34:56 / Observers) Iceberg-Slim: talons getting angry
(34:58 / Observers) bLinn: nah
(35:01 / Observers) Iceberg-Slim: did you hear that tone of voice
(35:01 / Observers) bLinn: i mean talons
(35:04 / Observers) bLinn: haha
(35:04 / Observers) bLinn: hahah
(35:28 / Observers) bLinn: as if he coudl have expanded
(35:38 / All) BRAUMS: no
(36:59 / Observers) TIMG4STRok: secret
(37:12 / Observers) TIMG4STRok: id bolt smartcow tbh
(37:20 / Observers) TIMG4STRok: YES
(37:46 / Observers) jerund: holy shit this is epic
(37:51 / Observers) TIMG4STRok: talons
(37:52 / Observers) TIMG4STRok: gonna
(37:53 / Observers) TIMG4STRok: lose
(37:54 / Observers) TIMG4STRok: bwahaha
(37:55 / Observers) jerund: yes
(37:56 / Observers) bLinn: he's actually
(37:56 / Observers) bLinn: going
(37:57 / Observers) bLinn: to
(37:57 / Observers) jerund: against all odds
(37:57 / Observers) bLinn: fucking
(37:58 / Observers) bLinn: lose
(38:01 / Observers) jerund: i thought for sure he'd pull it out
(38:08 / Observers) jerund: i mean he had no business doing so
(38:13 / Observers) TIMG4STRok: its like these guys tried as hard as they could to lose this game
(38:13 / Observers) jerund: but i thought turk was going to collapse
(38:20 / Observers) bLinn: both of them did
(38:21 / Observers) TIMG4STRok: is he
(38:22 / Observers) bLinn: but talons tried harder
(38:23 / Observers) TIMG4STRok: base racing
(38:23 / Observers) TIMG4STRok: no
(38:24 / Observers) TIMG4STRok: no
(38:24 / Observers) TIMG4STRok: no
(38:25 / Observers) TIMG4STRok: turk
(38:25 / Observers) TIMG4STRok: please
(38:26 / Observers) jerund: oh NO
(38:39 / Observers) Iceberg-Slim: making a main
(38:40 / Observers) jerund: why did he sell all his items
(38:41 / Observers) TIMG4STRok: no
(38:41 / Observers) Iceberg-Slim: prolly
(38:44 / Observers) TIMG4STRok: please dont make a main
(38:45 / Observers) Iceberg-Slim: prolly makng  main
(38:46 / Observers) TIMG4STRok: make some rifles
(38:47 / Observers) TIMG4STRok: and end it
(38:49 / Observers) Iceberg-Slim: that is how the turk thinks
(38:53 / Observers) Iceberg-Slim: see
(38:55 / Observers) TIMG4STRok: repair
(38:56 / Observers) TIMG4STRok: sigh
(38:57 / Observers) TIMG4STRok: what a moron
(38:59 / Observers) Iceberg-Slim: you have to think like turk
(39:02 / Observers) bLinn: haha
(39:07 / Observers) TIMG4STRok: "how can i fuck this easy win up"
(39:23 / Observers) Iceberg-Slim: dont tell him on vent jesus
(39:32 / Observers) TIMG4STRok: game is a travesty either way
(39:34 / Observers) bLinn: tell him what about the expo?
(39:36 / Observers) TIMG4STRok: with or without me telling him that
(39:37 / Observers) bLinn: we didn't
(39:37 / Observers) Iceberg-Slim: yaeh
(39:41 / Observers) Iceberg-Slim: im just saying
(39:44 / Observers) TIMG4STRok: all i said was "if you dont win this is bad"
(39:53 / Observers) TIMG4STRok: turk blows it
(39:54 / Observers) bLinn: keep chasing
(39:56 / Observers) bLinn: jst keep chasing
(39:59 / Observers) Iceberg-Slim: why the hell would he lead him to the expo
(40:02 / Observers) bLinn: HES THROWING HIM OFF
(40:03 / Observers) bLinn: THE SCENT
(40:07 / Observers) bLinn: aaAAAAH
(40:09 / Observers) bLinn: AAAHAHAHAHa
(40:10 / Observers) jerund: WHAT
(40:10 / Observers) bLinn: AHAHAHA
(40:12 / Observers) jerund: WHAT
(40:14 / Observers) bLinn: NONONOn
(40:21 / Observers) jerund: oh my god
(40:28 / Observers) TIMG4STRok: im gonna walk my workers
(40:31 / Observers) TIMG4STRok: instead of militiaing them
(40:35 / Observers) jerund: oh no
(40:38 / Observers) jerund: he can kil them all
(41:13 / Observers) jerund: still think demos have the edge here
(43:02 / Observers) TIMG4STRok: can turk lose
(43:06 / Observers) jerund: somehow, yes
(43:07 / Observers) TIMG4STRok: can blade/firelord/demo stop this
(43:08 / Observers) jerund: i believe
(43:12 / Observers) TIMG4STRok: gyrop
(43:14 / Observers) TIMG4STRok: gyro
(43:16 / Observers) TIMG4STRok: gg blade
(43:25 / Observers) jerund: TURK IS CLUELESS
(43:46 / Observers) TIMG4STRok: i say turk mines some gold
(43:51 / Observers) TIMG4STRok: enough to rebuild his workers
(43:55 / Observers) TIMG4STRok: then sends his army to kill demo
(44:00 / Observers) TIMG4STRok: and lets blade kill workers
(44:06 / Observers) bLinn: it just might happen
(44:07 / Observers) jerund: sounds like a solid plan
(44:10 / Observers) bLinn: except talons would never
(44:12 / Observers) bLinn: attack workers
(44:23 / Observers) bLinn: ?
(44:27 / Observers) bLinn: where is this going
(44:30 / Observers) jerund: did turk have it this whole time
(44:50 / Observers) TIMG4STRok: how can i waste money
(44:54 / Observers) TIMG4STRok: oh i know let me fast build a rax
(44:57 / Observers) TIMG4STRok: because time is important 
(45:00 / Observers) bLinn: he already has a rax
(45:06 / Observers) TIMG4STRok: turk is the biggest idiot
(45:07 / Observers) TIMG4STRok: god
(45:09 / Observers) Iceberg-Slim: no
(45:13 / Observers) Iceberg-Slim: building rax not a bad idea
(45:19 / Observers) bLinn: ?
(45:20 / Observers) Iceberg-Slim: he need to guard the everliving shit out of that
(45:25 / Observers) bLinn: ye i guess
(45:35 / Observers) Iceberg-Slim: TECHING
(45:37 / Observers) Iceberg-Slim: holy crap
(46:09 / Observers) jerund: wow
(46:12 / Observers) TIMG4STRok: gg wp
(46:14 / Observers) TIMG4STRok: gg wp
(46:14 / Observers) bLinn: turk
(46:14 / Observers) TIMG4STRok: gg wp
(46:15 / Observers) bLinn: wins
(46:15 / Observers) TIMG4STRok: gg wp
(46:16 / Observers) TIMG4STRok: gg wp
(46:23 / Observers) TIMG4STRok: bg nwp
(46:27 / Observers) bLinn: the most epic~ game of all time
(46:33 / Observers) jerund: of course talons could have raped the whole supply line just then
(46:35 / Observers) bLinn: towers to secure victory
(46:35 / Observers) TIMG4STRok: turk towering
(46:37 / Observers) jerund: while chasing firelord
(46:39 / Observers) TIMG4STRok: because he canthandle winning
(46:45 / Observers) TIMG4STRok: he doesnt play to win he plays to not lose
(46:52 / Observers) TIMG4STRok: and evidently it woiks
(47:45 / Observers) jerund: oh my god leaving his base undefended
(48:13 / All) BRAUMS: the only fit way for a bm to die
(48:26 / All) BRAUMS: entaro adun
(48:29 / All) greedoFthenoob: lmao
(48:30 / All) greedoFthenoob: gg noob
(48:33 / All) BRAUMS: rm
(48:36 / All) greedoFthenoob: no
(48:37 / Observers) jerund: rm
(48:38 / All) greedoFthenoob: im champ
(48:40 / All) BRAUMS: rm